 Dungeon Crawl Stone Soup version 0.28.0 (webtiles) character file.

Game seed: 9300712323197749375

9 sanka the Conjurer (level 2, -1/15 HPs)
             Began as a Tengu Earth Elementalist on Feb 9, 2022.
             Slain by a jackal (3 damage)
             ... on level 1 of the Dungeon.
             The game lasted 00:00:44 (252 turns).

sanka the Conjurer (Tengu Earth Elementalist)        Turns: 252, Time: 00:00:45

Health: -1/15      AC:  2    Str:  8    XL:     2   Next: 12%
Magic:  1/6        EV: 12    Int: 15    God:
Gold:   20         SH:  0    Dex: 14    Spells: 4/5 levels left

rFire   . . .      SeeInvis .   (no weapon)
rCold   . . .      Faith    .   (no shield)
rNeg    . . .      Spirit   .   b - +0 robe
rPois   .          Reflect  .   (helmet restricted)
rElec   .          Harm     .   (no cloak)
rCorr   .          Rampage  .   (no gloves)
Will    .....                   (boots unavailable)
Stlth   ++........              (no amulet)
HPRegen 0.05/turn               (no ring)
MPRegen 0.10/turn               (no ring)

@: mighty
A: beak, talons 3
a: no special abilities


You were on level 1 of the Dungeon.
You visited 1 branch of the dungeon, and saw 1 of its levels.

You collected 20 gold pieces.

Inventory:

Missiles
 c - 25 stones
Armour
 b - a +0 robe (worn)
Scrolls
 a - a scroll of amnesia {unknown}


   Skills:
 - Level 2.1 Dodging
 - Level 2.0 Stealth
 - Level 2.0 Spellcasting
 + Level 2.3 Conjurations
 - Level 0.7 Transmutations
 - Level 2.1 Earth Magic


You had 4 spell levels left.
You knew the following spells:

 Your Spells              Type           Power      Damage    Failure   Level
a - Sandblast             Erth           16%        2d6       9%          1

Your spell library contained the following spells:

 Spells                   Type           Power      Damage    Failure   Level
 Passwall                 Tmut/Erth      4%         N/A       19%         2
 Stone Arrow              Conj/Erth      16%        3d8       26%         3
 Petrify                  Tmut/Erth      5%         N/A       77%         4


Dungeon Overview and Level Annotations

Branches:
Dungeon (1/15)

Altars:


Innate Abilities, Weirdness & Mutations

You have a beak for a mouth.
You have claws for feet.


Message History

You hit the ball python. Your kick misses the ball python.
The ball python is moderately wounded.
The ball python barely misses you. The ball python constricts you.
Your magical contamination has completely faded away.
Unknown command.
You escape the ball python's grasp.
The ball python completely misses you. The ball python barely misses you.
The ball python closely misses you. The ball python grabs you.
The ball python constricts you.
* * * LOW HITPOINT WARNING * * *
You escape the ball python's grasp.
The ball python misses you. The ball python closely misses you.
The ball python bites you but does no damage.
The ball python barely misses you.
You are too injured to fight recklessly!
You are too injured to fight recklessly!
Casting: Sandblast (safe; 9% risk of failure)
Confirm with . or Enter, or press ? or * to list all spells.
Aiming: Sandblast (safe; 9% risk of failure)
Press: ? - help, Shift-Dir - straight line, f - ball python
Aim: a ball python (75% to hit)
The blast of sand hits the ball python!
You kill the ball python!
Unknown command.
Casting: Sandblast (safe; 9% risk of failure)
Confirm with . or Enter, or press ? or * to list all spells.
Aiming: Sandblast (safe; 9% risk of failure)
Press: ? - help, Shift-Dir - straight line, f - ball python
Aim: a ball python (moderately wounded, 75% to hit)
The blast of sand hits the ball python!
You kill the ball python!
Unknown command.
It was a potion of might.
You feel very mighty all of a sudden. The jackal bites you.
* * * LOW HITPOINT WARNING * * *
You hit the jackal. You claw the jackal, but do no damage.
The jackal is heavily wounded.
The jackal bites you.
You die...

#.# #...###
###. #.#
#†### . .
#.###.# ..
#..g.# ...
#....#
....####....#
............#
......####.##
.......@hhg#
......######
#####


You could see 2 jackals and a goblin.

Vanquished Creatures
  2 ball pythons (D:1)
  An endoplasm (D:1)
  A giant cockroach (D:1)
  2 jackals (D:1)
  2 rats (D:1)
8 creatures vanquished.

Notes
Turn   | Place    | Note
-------+----------+-------------------------------------------
     0 | D:1      | sanka the Tengu Earth Elementalist began the quest for the
                  | Orb.
     0 | D:1      | Reached XP level 1. HP: 10/10 MP: 4/4
   127 | D:1      | Reached skill level 1 in Conjurations
   237 | D:1      | Reached XP level 2. HP: 6/15 MP: 1/6
   252 | D:1      | Slain by a jackal

Illustrated notes

Levels and vault maps discovered:
D:1:      dpeg_arrival_arbitrary_c, layout_rooms, minmay_misc_feat_rows,
          minivault_24, hangedman_decor_diamond_cutter

Skill      XL: |  1 |
---------------+----+-----
Conjurations   | 2 |  2.3
Dodging        | |  2.1
Stealth        | |  2.0
Spellcasting   | |  2.0
Transmutations | |  0.7
Earth Magic    | |  2.1

Action                   || total
-------------------------++-------
Melee: Unarmed           ||    28
       Kick              ||     6
 Cast: Sandblast         ||     5
  Use: Potion            ||     1
Armor: Robe              ||    10
Dodge: Dodged            ||    32
